Workbook

Sheet Resumen ppto y resultados
B3: Resumen del presupuesto
B5: Tipo de cuenta | D5: Aporte Fondo ASCC | E5: Aporte postulante | F5: Aporte beneficiario directo a compra de tecnologia | G5: Total
B6: Recursos Humanos | D6: ='Plan de actividades '!N26 -> 0 | E6: ='Plan de actividades '!M26+'Plan de actividades '!L26 -> 0 | F6: - | G6: =SUM(D6:F6) -> 0
B7: Operación | D7: ='Operación'!I25 -> 0 | E7: ='Operación'!G25+'Operación'!H25 -> 0 | F7: - | G7: =SUM(D7:F7) -> 0
B8: Inversiones | D8: =Inversiones!J21 -> 0 | E8: =Inversiones!G21+Inversiones!H21 -> 0 | F8: =Inversiones!I21 -> 0 | G8: =SUM(D8:F8) -> 0
B9: Administrativo | D9: ='Administración'!I21 -> 0 | E9: ='Administración'!G21+'Administración'!F21 -> 0 | F9: - | G9: =SUM(D9:F9) -> 0
B10: Total | D10: =SUM(D6:D9) -> 0 | E10: =SUM(E6:E9) -> 0 | F10: =SUM(F6:F9) -> 0 | G10: =SUM(D10:F10) -> 0
B11: Porcentaje de aporte | D11: =IFERROR(D10/$G$10,0) -> 0 | E11: =IFERROR(E10/$G$10,0) -> 0 | F11: =IFERROR(F10/$G$10,0) -> 0 | G11: =SUM(D11:F11) -> 0
B12: Porcentaje de gasto total destinado a inversiones tecnológicas | D12: =IFERROR(G8/$G$10,0) -> 0

Sheet Plan de actividades 
B2: Plan de actividades
B4: Importante para revisar previamente: Por bases técnicas y administrativas del concurso los proyectos podrán considerar dos tipos de actividades y productos: de apoyo general al sector y de apoyo directo a las empresas. Según el tipo de actividad y producto del proyecto postulado, existen algunos de carácter obligatorio.
B6: Gastos Recursos Humanos
B7: Estas son las remuneraciones y honorarios del personal técnico, profesional o especialista, de las Entidades Participantes, asociado directamente a las actividades del proyecto presentado, el que siempre debe ser individualizado. La unidad base de este insumo es la Hora-Persona. Sólo los recursos humanos de una Ejecutora, denominados también “recurso humano externo”, pueden ser declarados como Solicitados al Fondo o como Aporte líquido. El recurso humano contratado por otras entidades participantes solo puede ser declarado como aporte valorado e indistintamente se le puede referenciar bajo el nombre “recurso humano propio”.
B10: Nombre de la actividad (apoyo directo a las empresas) | C10: Descripción y justificación técnica de la actividad | D10: Mes de inicio | E10: Mes de termino | F10: Profesional a cargo | G10: Nivel de estudios/profesión | H10: Rol o cargo del proyecto | I10: Justificación técnica de su participación | J10: Total horas de dedicación | K10: Costo unitario HH ($) | L10: Aporte institución postulante | N10: Aporte Fondo ASCC | O10: Total
L11: Aporte Valorado | M11: Aporte Líquido | N11: Aporte Líquido
L26: =SUM(L12:L25) -> 0 | M26: =SUM(M12:M25) -> 0 | N26: =SUM(N12:N25) -> 0

Sheet Operación
B3: Gastos operación
B4: Son gastos directos asociados a la realización de todas las etapas y actividades del proyecto. Ejemplos de estos son: contratación o pago de servicios tales como análisis legales, cotizaciones de tecnologías, actividades de difusión, capacitación y/o entrenamiento, viáticos, pasajes, materiales para entrega en actividades, arrendamiento de espacio físico, transporte; compra de bienes no inventariables relacionados con las actividades del proyecto; honorarios de expositores nacionales e internacionales; costo financiero de garantías; actividades de difusión, visitas a empresas, exhibiciones y publicaciones.
B10: Nombre de la actividad | C10: Nombre y justificación técnica del gasto | D10: Externalización (Si / No) indicar empresa | E10: Cantidad | F10: Costo unitario ($) | G10: Aporte institución postulante | I10: Aporte Fondo ASCC | J10: Total
G11: Aporte Valorado | H11: Aporte Líquido | I11: Aporte Líquido
J12: =G12+H12+I12 -> 0
J13: =G13+H13+I13 -> 0
J14: =G14+H14+I14 -> 0
J15: =G15+H15+I15 -> 0
J16: =G16+H16+I16 -> 0
J17: =G17+H17+I17 -> 0
J18: =G18+H18+I18 -> 0
J19: =G19+H19+I19 -> 0
J20: =G20+H20+I20 -> 0
J21: =G21+H21+I21 -> 0
J22: =G22+H22+I22 -> 0
J23: =G23+H23+I23 -> 0
J24: =G24+H24+I24 -> 0
G25: =SUM(G12:G24) -> 0 | H25: =SUM(H12:H24) -> 0 | I25: =SUM(I12:I24) -> 0 | J25: =SUM(J12:J24) -> 0

Sheet Inversiones
B3: Gastos de inversión en tecnología
B6: Tipo de tecnologia | C6: Selección de tecnología | D6: CARACTERIZACIÓN DE LA TECNOLOGÍA Debe indicar los datos técnicos relacionados con la tecnología que utilizará en su proyecto y caules son los beneficiarios para la comuna donde se implementará | E6: Cantidad | F6: Costo unitario ($) | G6: Aporte institución postulante | I6: Aporte beneficiarios tecnolgoia | J6: Aporte Fondo ASCC | K6: Total
G7: Aporte Valorado | H7: Aporte Líquido | I7: Aporte Líquido | J7: Aporte Líquido
K8: =SUM(G8:J8) -> 0
K9: =G9+H9+J9 -> 0
K10: =G10+H10+J10 -> 0
K11: =G11+H11+J11 -> 0
K12: =G12+H12+J12 -> 0
K13: =G13+H13+J13 -> 0
K14: =G14+H14+J14 -> 0
K15: =G15+H15+J15 -> 0
K16: =G16+H16+J16 -> 0
K17: =G17+H17+J17 -> 0
K18: =G18+H18+J18 -> 0
K19: =G19+H19+J19 -> 0
K20: =G20+H20+J20 -> 0
G21: =SUM(G8:G20) -> 0 | H21: =SUM(H8:H20) -> 0 | I21: =SUM(I8:I20) -> 0 | J21: =SUM(J8:J20) -> 0 | K21: =SUM(K8:K20) -> 0

Sheet Administración
B3: Gastos de administración
B6: Tipo de gasto | C6: Justificación | D6: Cantidad | E6: Costo unitario ($) | F6: Aporte institución postulante | H6: Aporte beneficiarios tecnología | I6: Aporte Fondo ASCC | J6: Total
F7: Aporte Valorado | G7: Aporte Líquido | H7: Aporte Líquido | I7: Aporte Líquido
J8: =SUM(F8:I8) -> 0
J9: =F9+G9+I9 -> 0
J10: =F10+G10+I10 -> 0
J11: =F11+G11+I11 -> 0
J12: =F12+G12+I12 -> 0
J13: =F13+G13+I13 -> 0
J14: =F14+G14+I14 -> 0
J15: =F15+G15+I15 -> 0
J16: =F16+G16+I16 -> 0
J17: =F17+G17+I17 -> 0
J18: =F18+G18+I18 -> 0
J19: =F19+G19+I19 -> 0
J20: =F20+G20+I20 -> 0
F21: =SUM(F8:F20) -> 0 | G21: =SUM(G8:G20) -> 0 | H21: =SUM(H8:H20) -> 0 | I21: =SUM(I8:I20) -> 0 | J21: =SUM(J8:J20) -> 0
